 Dungeon Crawl Stone Soup version 0.20.1-1-g8b1a95d (webtiles) character file.

237 Kingsmith the Thaumaturge (level 5, 0/28 HPs)
             Began as a Deep Elf Conjurer on Dec 11, 2017.
             Slain by Pikel
             ... wielding a +0 whip of flaming
              (2 damage)
             ... on level 4 of the Dungeon.
             The game lasted 00:05:47 (3445 turns).

Kingsmith the Thaumaturge (Deep Elf Conjurer)       Turns: 3445, Time: 00:05:47

Health: 0/28       AC:  3    Str:  6    XL:     5   Next: 77%
Magic:  2/17       EV: 18    Int: 20    God:
Gold:   148        SH:  0    Dex: 20    Spells: 2/20 levels left

rFire    . . .     SeeInvis .   p - +0 dagger (freeze)
rCold    . . .     Gourm    .   (no shield)
rNeg     . . .     Faith    .   a - +0 robe
rPois    .         Spirit   .   (no helmet)
rElec    .         Reflect  .   (no cloak)
rCorr    .         Harm     .   k - +0 pair of gloves
MR       .....                  (no boots)
Stlth    +++.......             (no amulet)
Regen    0.1/turn               (no ring)
MPRegen  0.2/turn               (no ring)

@: agile, very slightly contaminated
A: no striking features
a: no special abilities


You were on level 4 of the Dungeon.
You were hungry.

You visited 1 branch of the dungeon, and saw 4 of its levels.

You collected 148 gold pieces.

Inventory:

Hand Weapons
 p - a +0 dagger of freezing (weapon)
Armour
 a - a +0 robe (worn)
 k - a +0 pair of gloves (worn)
Jewellery
 t - an uncursed ring of see invisible {unknown}
Wands
 r - a wand of confusion (28/48)
 s - a wand of confusion (23/48)
Scrolls
 f - 2 scrolls of identify
 h - a scroll of fog {unknown}
 j - 3 scrolls of remove curse {unknown}
 q - a scroll of enchant armour
 v - a scroll of recharging {unknown}
 w - a scroll of amnesia {unknown}
Potions
 d - a potion of mutation {unknown}
 e - a potion of agility
 g - 2 potions of might {unknown}
 i - a potion of heal wounds {unknown}
 l - 3 potions of curing {unknown}
 n - a potion of brilliance {unknown}
 o - a potion of degeneration {unknown}
Books
 b - a book of Conjurations

   Spells                             Type                      Level
   a - Magic Dart                     Conjuration                  1
   b - Searing Ray                    Conjuration                  2
   c - Dazzling Spray                 Conjuration/Hexes            3
   d - Fulminant Prism                Conjuration/Hexes            4
   e - Force Lance                    Conjuration/Translocation    4
   f - Iskenderun's Mystic Blast      Conjuration                  4
Comestibles
 c - 2 bread rations
 m - 2 royal jellies
 u - 3 fruits
 x - 3 chunks of flesh
 z - a meat ration


   Skills:
 - Level 2.4 Dodging
 - Level 2.4 Stealth
 - Level 8.2 Spellcasting
 - Level 4.3 Conjurations
 + Level 0.3 Hexes
 + Level 0.0 Translocations


You had 2 spell levels left.
You knew the following spells:

 Your Spells              Type           Power        Failure   Level  Hunger
a - Magic Dart            Conj           ####         1%          1    None
b - Searing Ray           Conj           ####..       1%          2    None
c - Dazzling Spray        Conj/Hex       ###...       10%         3    None
d - Iskenderun's Mystic   Conj           ####....     14%         4    ###....
e - Force Lance           Conj/Tloc      ###.....     32%         4    ###....
f - Fulminant Prism       Conj/Hex       ###.......   30%         4    ###....


Dungeon Overview and Level Annotations

Branches:
Dungeon (4/15)
 Temple: D:4-7

Altars:
Ashenzari
Dithmenos
Elyvilon
Makhleb
Uskayaw
Yredelemnul

Annotations:
D:4 Pikel


Message History

It was a potion of agility.
You feel agile all of a sudden. Pikel barely misses you.
Casting: Dazzling Spray
Confirm with . or Enter, or press ? or * to list all spells.
Aiming: Dazzling Spray
Press: ? - help, Shift-Dir - straight line, f/p - Pikel
Aim: Pikel, wielding a whip of flaming and wearing a robe (moderately wounded)
You miscast Dazzling Spray.
You are very lightly contaminated with residual magic.
Multicoloured lights dance before your eyes!
Pikel barely misses you.
You see here a scroll labeled HUEDOD ZEFOA.
As you read the scroll labeled JOJALOMEVO, it crumbles to dust.
It is a scroll of identify.
q - a scroll of enchant armour Pikel hits you with a whip of flaming.
* * * LOW HITPOINT WARNING * * *
Pikel burns you.
You die...

#..............#
######.############.#
#............. #.#
#......######. #.# #..########
#.# ####..######.###.#####.##
.....†......#!#.#.......#
####..#####...##.#####..#######
.....#####.p..pK@.......†.....#
.............p#######...#####.#
####.#######.## #..#> #.# #[#
#.# #.###. #.# #p# #.# #.# #.
#.# #.# #.# ## ###.# #p# #.#
#.# #.# #.# #.# #.# #.#


You could see Pikel and 3 slaves.

Vanquished Creatures
  A slave (D:4)
  A hound (D:3)
  An orc priest (D:3)
  2 worker ants (D:4)
  Robin (D:2)
  3 adders (D:2)
  2 oozes
  A worm (D:3)
  A dart slug (D:2)
  2 leopard geckos
  An orc (D:3)
  6 bats
  3 giant cockroaches
  15 goblins
  9 hobgoblins
  2 jackals (D:1)
  2 quokkas (D:3)
  A ball python (D:1)
  5 frilled lizards
  12 kobolds
  3 rats
74 creatures vanquished.

Notes
Turn   | Place    | Note
-------+----------+-------------------------------------------
     0 | D:1      | Kingsmith the Deep Elf Conjurer began the quest for the Orb.
     0 | D:1      | Reached XP level 1. HP: 10/10 MP: 6/6
   162 | D:1      | Reached XP level 2. HP: 15/15 MP: 4/8
   253 | D:1      | Reached skill level 4 in Spellcasting
   998 | D:2      | Reached skill level 5 in Spellcasting
   998 | D:2      | Reached XP level 3. HP: 19/19 MP: 6/11
  1198 | D:2      | Noticed Robin
  1208 | D:2      | Killed Robin
  1208 | D:2      | Reached XP level 4. HP: 17/24 MP: 1/13
  1220 | D:2      | Reached skill level 6 in Spellcasting
  1368 | D:2      | Learned a level 2 spell: Searing Ray
  1372 | D:2      | Learned a level 3 spell: Dazzling Spray
  1377 | D:2      | Learned a level 4 spell: Iskenderun's Mystic Blast
  1382 | D:2      | Learned a level 4 spell: Force Lance
  1883 | D:2      | Found a shadowy altar of Dithmenos.
  1884 | D:2      | Found a basalt altar of Yredelemnul.
  1884 | D:2      | Found a white marble altar of Elyvilon.
  2153 | D:3      | Reached skill level 7 in Spellcasting
  2216 | D:3      | Found a burning altar of Makhleb.
  2266 | D:3      | Found a shattered altar of Ashenzari.
  2292 | D:3      | Reached XP level 5. HP: 28/28 MP: 11/16
  2526 | D:3      | Found a hide-covered altar of Uskayaw.
  3131 | D:3      | Learned a level 4 spell: Fulminant Prism
  3336 | D:4      | Reached skill level 8 in Spellcasting
  3419 | D:4      | Noticed a slave
  3420 | D:4      | Noticed a slave
  3421 | D:4      | Noticed Pikel
  3422 | D:4      | Noticed a slave
  3422 | D:4      | Noticed a slave
  3426 | D:4      | Killed a slave
  3445 | D:4      | Slain by Pikel

Skill      XL: |  1  2  3  4  5 |
---------------+----------------+-----
Spellcasting   | 5 7 8 |  8.2
Dodging        | |  2.4
Stealth        | |  2.4
Conjurations   | |  4.3
Hexes          | |  0.3

Action                   |  1- 3 |  4- 6 || total
-------------------------+-------+-------++-------
Melee: Club              |     4 |       ||     4
       Dagger            |     1 |     6 ||     7
 Cast: Magic Dart        |    70 |    80 ||   150
       Searing Ray       |       |     8 ||     8
       Dazzling Spray    |       |     1 ||     1
       Force Lance       |       |     1 ||     1
  Use: Scroll            |       |     1 ||     1
       Potion            |       |     1 ||     1
  Eat: Chunk             |     1 |     6 ||     7
Armor: Robe              |     5 |     4 ||     9
Dodge: Dodged            |     8 |    18 ||    26
